 Dungeon Crawl Stone Soup version 0.29.0-11-gd7f09526c8 (webtiles) character file.

Game seed: 11730563134612040976

2 freelancePsychic the Sneak (level 1, -3/18 HPs)
             Began as a Demigod Delver on Sept 2, 2022.
             Succumbed to a goblin's poison
             ... on level 3 of the Dungeon.
             The game lasted 00:02:02 (384 turns).

freelancePsychic the Sneak (Demigod Delver)          Turns: 384, Time: 00:02:03

Health: -3/18      AC:  3    Str: 13    XL:     1   Next: 26%
Magic:  3/3        EV: 12    Int: 12    God:
Gold:   0          SH:  0    Dex: 15    Spells: 0/0 levels left

rFire   . . .      SeeInvis .   j - +0 long sword
rCold   . . .      Faith    .   (no shield)
rNeg    . . .      Spirit   .   b - +0 leather armour
rPois   .          Reflect  .   (no helmet)
rElec   .          Harm     .   (no cloak)
rCorr   .          Rampage  .   (no gloves)
Will    .....                   (no boots)
Stlth   +++.......              (no amulet)
HPRegen 0.06/turn               (no ring)
MPRegen 0.08/turn               (no ring)

@: lethally poisoned (-3 -> -23), hasted, very quick
A: high MP 1, forlorn, divine attributes
a: no special abilities


You were on level 3 of the Dungeon.
You visited 1 branch of the dungeon, and saw 3 of its levels.

Inventory:

Hand Weapons
 a - a +0 mace
 j - a +0 long sword (weapon)
Armour
 b - a +0 leather armour (worn)
Wands
 g - a wand of digging (3)
 i - a wand of charming (8)
Scrolls
 c - a scroll of fog
 d - a scroll of magic mapping
 h - a scroll of teleportation {unknown}


   Skills:
 + Level 2.7 Fighting
 + Level 0.0 Long Blades
 - Level 1.8 Maces & Flails
 - Level 1.8 Dodging
 - Level 4.5 Stealth
 * Level 0.1 Evocations


You couldn't memorise any spells.
You didn't know any spells.
Your spell library contained the following spells:

 Spells                   Type           Power      Damage    Failure   Level
 Beastly Appendage        Tmut           0%         N/A       38%         1
 Wereblood                Tmut           0%         N/A       54%         2
 Spider Form              Tmut/Pois      0%         N/A       77%         3


Dungeon Overview and Level Annotations

Branches:
Dungeon (5/15)
 Temple: D:4-7

Shops:
D:4 (


Innate Abilities, Weirdness & Mutations

You have an increased reservoir of magic. (+10% MP)
You shall have no god before yourself.
Your divine heritage dramatically boosts your attributes as you level up.


Message History

You are too injured to fight recklessly!
You are too injured to fight recklessly!
You are too injured to fight recklessly!
You are too injured to fight recklessly!
A goblin comes into view. It is wielding a +0 dagger of venom.
The goblin shouts!
The goblin unwields a +0 dagger of venom.
It stops dripping with poison.
The goblin wields a +0 sling.
The goblin shoots a sling bullet.
The sling bullet barely misses you.
An endoplasm comes into view.
The goblin unwields a +0 sling.
The goblin wields a +0 dagger of venom.
It begins to drip with poison!
The goblin hits you with a +0 dagger of venom.
The endoplasm moves out of view.
You closely miss the goblin. The goblin misses you.
You closely miss the goblin.
The goblin hits you with a +0 dagger of venom.
Press: ? - help, v - describe, . - travel The floor.
Okay, then.
Okay, then.
You hit the goblin.
The goblin is moderately wounded.
The goblin barely misses you.
The goblin hits you with a +0 dagger of venom.
You are lethally poisoned!
You feel yourself speed up.
* * * LOW HITPOINT WARNING * * *
You feel very sick. The goblin closely misses you.
You closely miss the goblin.
The goblin is moderately wounded.
* * * LOW HITPOINT WARNING * * *
You feel sick. The endoplasm barely misses you.
The goblin hits you with a +0 dagger of venom.
* * * LOW HITPOINT WARNING * * *
You are more poisoned.
You closely miss the goblin.
The goblin is moderately wounded.
You die...

# #. ####
#.#..##..
......J.###
########## #g@..#
#........#
##.#.####........#
#.#....#........#
#.####.#........#
.................+
##.####..........#
#.# ###....####
..# ####....# .
####.###


You could see an endoplasm and a goblin.

Vanquished Creatures
  A ball python (D:4)
  A hobgoblin (D:3)
2 creatures vanquished.

Notes
Turn   | Place    | Note
-------+----------+-------------------------------------------
     0 | D:5      | freelancePsychic the Demigod Delver began the quest for the
                  | Orb.
     0 | D:5      | Reached XP level 1. HP: 18/18 MP: 3/3
    23 | D:5      | Noticed a scorpion
    54 | D:5      | Noticed a jelly
    73 | D:4      | Noticed a phantom
   103 | D:4      | Found Heitzo's Antique Weapon Boutique.
   304 | D:4      | Noticed an ogre
   306 | D:4      | Noticed a hound
   384 | D:3      | Succumbed to a goblin's poison

Illustrated notes

Levels and vault maps discovered:
D:3:      layout_basic, dilly_ecumenical_altar_fadedgnrine
D:4:      layout_rooms, lemuel_mausoleum_altar_yredelemnul,
          gammafunk_ghost_mausoleum, serial_shops, nicolae_shop_stone
D:5:      layout_basic, mainiacjoe_overflow_catwalk,
          worldfamousw_hep_ancestral_shrine

Action                   || total
-------------------------++-------
Melee: Long sword        ||     6
       Mace              ||     4
  Use: Potion            ||     2
       Scroll            ||     1
 Stab: Sleeping          ||     1
Armor: Leather armour    ||     3
Dodge: Dodged            ||     8
